 Dungeon Crawl Stone Soup version 0.26-a0-712-ga5a9c9c9d0 (webtiles) character file.

Game seed: 8844031102034822188

284 kae the Insei (level 6, -3/39 HPs)
             Began as an Octopode Transmuter on Nov 11, 2020.
             Slain by an ogre
             ... wielding a +0 giant spiked club
              (21 damage)
             ... on level 4 of the Dungeon.
             The game lasted 00:03:25 (4767 turns).

kae the Insei (Octopode Transmuter)                 Turns: 4767, Time: 00:03:25

Health: -3/39      AC:  6    Str: 11    XL:     6   Next: 29%
Magic:  8/10       EV: 21    Int: 15    God:
Gold:   126        SH:  0    Dex: 18    Spells: 7/11 levels left

rFire    . . .     SeeInvis .     - Unarmed
rCold    . . .     Faith    .   (shield currently unavailable)
rNeg     . . .     Spirit   .   (helmet currently unavailable)
rPois    .         Reflect  .   (no amulet)
rElec    .         Harm     .   b - ring of protection from magic
rCorr    .         Rampage  .   h - ring of poison resistance
MR       +....                  q - +4 ring of protection
Stlth    ++........             (no ring)
HPRegen  0.13/turn              (no ring)
MPRegen  0.12/turn              (no ring)
                                (no ring)
                                (no ring)

@: spider-form (expiring)
A: tiny, almost no armour, stealthy swim, (amphibious), 8 rings, (constrict 8)
a: End Transformation


You were on level 4 of the Dungeon.
You were a venomous arachnid creature.
You visited 1 branch of the dungeon, and saw 4 of its levels.

You collected 126 gold pieces.

Inventory:

Jewellery
 b - a ring of protection from magic (left front leg)
 g - an uncursed amulet of faith
 h - a ring of poison resistance (right front leg)
 q - a +4 ring of protection (on tentacle)
Wands
 s - a wand of flame (20)
Scrolls
 d - a scroll of enchant weapon
 j - 3 scrolls of enchant armour
 p - a scroll of teleportation
Potions
 a - 2 potions of curing
 e - 3 potions of degeneration {unknown}
 f - 2 potions of magic {unknown}
 i - a potion of mutation {unknown}
 k - a potion of might {unknown}
 m - a potion of haste {unknown}
 o - a potion of ambrosia {unknown}
 r - a potion of brilliance {unknown}


   Skills:
 - Level 2.0 Fighting
 - Level 3.0 Dodging
 * Level 4.4 Unarmed Combat
 - Level 3.0 Spellcasting
 * Level 3.9 Transmutations


You had 7 spell levels left.
You knew the following spells:

 Your Spells              Type           Power        Failure   Level
a - Beastly Appendage     Tmut           ##....       13%         1
b - Spider Form           Tmut/Pois      #.........   47%         3

Your spell library contained the following spells:

 Spells                   Type           Power        Failure   Level
 Wereblood                Tmut           ##......     17%         2
 Ice Form                 Ice/Tmut       #.......     83%         4
 Blade Hands              Tmut           ##........   89%         5


Dungeon Overview and Level Annotations

Branches:
Dungeon (4/15)
 Temple: D:4-7

Altars:


Innate Abilities, Weirdness & Mutations

You cannot wear most types of armour.
You are very stealthy in the water. (Stealth+)
((You are amphibious.))
You can wear up to eight rings at the same time.
((You can use your tentacles to constrict eight enemies at once.))
((Your skin changes colour to match your surroundings (Stealth+).))
((Your rubbery body absorbs attacks. (AC +1, EV +1)))


Message History

Confirm with . or Enter, or press ? or * to list all spells.
The spell is quite dangerous to cast (26% risk of failure)!
Continue anyway? [Y]es or [N]o only, please.
The spell is quite dangerous to cast (26% risk of failure)!
Continue anyway?
You turn into a venomous arachnid creature.
You bite the ogre!
The ogre is poisoned.
The ogre is moderately wounded.
The ogre hits you with a +0 giant spiked club!!
Ouch! That really hurt!
You hit the ogre.
The ogre looks as sick as possible!
The ogre is moderately wounded.
The ogre completely misses you.
You hit the ogre.
The ogre is heavily wounded.
Your transformation is almost over.
You hit the ogre but do no damage.
The ogre is severely wounded.
The ogre hits you with a +0 giant spiked club!!
Ouch! That really hurt!
You die...

. ### . . ###.#
.#..
##.#.####....
#.....#......
##............
###.....#O....!.
#.......s.......
.......<........
...#..........#.
##.........#
.............
....####..#...
#..... ..#..#
##.##. ... .# ##
.. ...


You could see an ogre (extremely poisoned).

Vanquished Creatures
  Ijyb (D:3)
  8 gnolls
  7 adders
  An ooze (D:3)
  3 worms
  2 dart slugs
  6 leopard geckos
  3 orcs (D:3)
  12 bats
  5 giant cockroaches
  8 goblins
  10 hobgoblins
  10 kobolds
  3 quokkas
  2 ball pythons
  6 frilled lizards
  10 rats
97 creatures vanquished.

Notes
Turn   | Place    | Note
-------+----------+-------------------------------------------
     0 | D:1      | kae the Octopode Transmuter began the quest for the Orb.
     0 | D:1      | Reached XP level 1. HP: 13/13 MP: 3/3
   165 | D:1      | Reached XP level 2. HP: 10/18 MP: 3/5
  1013 | D:1      | Reached XP level 3. HP: 23/23 MP: 6/6
  1018 | D:1      | Learned a level 3 spell: Spider Form
  1903 | D:2      | Reached XP level 4. HP: 28/28 MP: 5/7
  2783 | D:2      | Reached XP level 5. HP: 23/34 MP: 1/9
  3786 | D:3      | Reached skill level 4 in Unarmed Combat
  4370 | D:3      | Noticed Ijyb
  4384 | D:3      | Killed Ijyb
  4384 | D:3      | Reached XP level 6. HP: 32/39 MP: 3/10
  4767 | D:4      | Slain by an ogre

Illustrated notes

Levels and vault maps discovered:
D:1:      tarquinn_simple_flora_water_a, layout_basic, minmay_misc_feat_tiny,
          chequers_serial_rivers_small_b
D:2:      minmay_evil_eye, layout_loops_ring, st_stairs_12, minmay_pentomino_u2
D:3:      minmay_chambers_of_threes, layout_rooms, roderic_lattice_a,
          minmay_strange_pillars, uniq_ijyb
D:4:      layout_cave_pools, minmay_temple_entry_glass, serial_shops,
          nicolae_shop_stone, shop, nicolae_shop_statue_plus, uniq_eustachio

Skill      XL: |  1  2  3  4  5  6 |
---------------+-------------------+-----
Transmutations | 3 |  3.9
Spellcasting   | 3 |  3.0
Fighting       | 2 |  2.0
Unarmed Combat | 4 |  4.4
Dodging        | 3 |  3.0

Action                   |  1- 3 |  4- 6 || total
-------------------------+-------+-------++-------
Melee: Unarmed           |    93 |   141 ||   234
       Constrict         |    24 |    25 ||    49
       Kick              |     8 |    15 ||    23
       Tentacles         |     4 |    13 ||    17
       Punch             |     2 |     5 ||     7
 Cast: Beastly Appendage |    20 |    17 ||    37
       Spider Form       |       |     7 ||     7
  Use: Scroll            |     2 |     5 ||     7
 Stab: Sleeping          |     3 |     2 ||     5
Armor: Skin              |    11 |    13 ||    24
Dodge: Dodged            |    67 |    92 ||   159

Table legend: (Time is in decaauts)
 A = Elapsed time spent in this place.
 B = Non-inter-level travel time spent in this place.
 C = Inter-level travel time spent in this place.
 D = Time resting spent in this place.
 E = Time spent auto-exploring this place.
 F = Levels seen in this place.
 G = Mean time per level.
                   A        B        C        D        E       F      G
               +--------+--------+--------+--------+--------+-----+--------+
         Total |   4751 |   4629 |    122 |    292 |   3597 |   4 | 1187.8 |
       Dungeon |   4751 |   4629 |    122 |    292 |   3597 |   4 | 1187.8 |
               +--------+--------+--------+--------+--------+-----+--------+

Top non-repeatable levels by time:
     D:2: 1870 daAuts
     D:3: 1491 daAuts
     D:1: 1364 daAuts
     D:4: 24 daAuts
